 Dungeon Crawl Stone Soup version 0.27-a0-836-gfc908b8576 (webtiles) character file.

Game seed: 9488624419168544037

70 polve the Ruffian (level 4, -1/42 HPs)
             Began as a Naga Transmuter on Apr 1, 2021.
             Slain by a worm (8 damage)
             ... on level 2 of the Dungeon.
             The game lasted 00:01:56 (2522 turns).

polve the Ruffian (Naga Transmuter)                 Turns: 2522, Time: 00:01:57

Health: -1/42      AC:  2    Str: 13    XL:     4   Next: 22%
Magic:  7/7        EV: 10    Int: 14    God:
Gold:   32         SH:  0    Dex: 13    Spells: 6/7 levels left

rFire    . . .     SeeInvis +     - Unarmed
rCold    . . .     Faith    .   (no shield)
rNeg     . . .     Spirit   .   a - +0 robe
rPois    +         Reflect  .   (no helmet)
rElec    .         Harm     .   (no cloak)
rCorr    .         Rampage  .   (no gloves)
Will     .....                  (no barding)
Stlth    ++........             (no amulet)
HPRegen  0.14/turn              (no ring)
MPRegen  0.10/turn              (no ring)

@: very slow
A: AC +1, large, see invisible, deformed body, poison resistance, slowness 2,
spit poison 1, naga tail 1, agile 1, robust 1, MP-powered wands
a: Spit Poison


You were on level 2 of the Dungeon.
You visited 1 branch of the dungeon, and saw 2 of its levels.

You collected 32 gold pieces.

Inventory:

Armour
 a - a +0 robe (worn)
Scrolls
 c - 2 scrolls of identify {unknown}
 d - a scroll of noise {unknown}


   Skills:
 + Level 2.0 Fighting
 - Level 1.5 Dodging
 + Level 2.6 Stealth
 * Level 4.1 Unarmed Combat
 - Level 2.0 Spellcasting
 - Level 2.0 Transmutations


You had 6 spell levels left.
You knew the following spells:

 Your Spells              Type           Power      Damage    Failure   Level
a - Beastly Appendage     Tmut           14%        N/A       11%         1

Your spell library contained the following spells:

 Spells                   Type           Power      Damage    Failure   Level
 Wereblood                Tmut           7%         N/A       16%         2
 Animate Skeleton         Necr           2%         N/A       24%         1
 Apportation              Tloc           2%         N/A       24%         1
 Corona                   Hex            1%         N/A       24%         1
 Summon Small Mammal      Summ           4%         N/A       24%         1
 Spider Form              Tmut/Pois      2%         N/A       43%         3
 Ice Form                 Ice/Tmut       4%         N/A       83%         4
 Hydra Form               Tmut           3%         N/A       96%         5


Dungeon Overview and Level Annotations

Branches:
Dungeon (2/15)

Altars:

Annotations:
D:2 Sigmund


Innate Abilities, Weirdness & Mutations

Your serpentine skin is tough. (AC +1)
You have supernaturally acute eyesight. (SInv)
Armour fits poorly on your strangely shaped body.
Your system is resistant to poisons. (rPois)
You cover ground very slowly.
You can spit poison.
You have a snake-like lower body.
You are agile. (Dex +2)
You are robust. (+10% HP)
You expend magic power (3 MP) to strengthen your wands.


Message History

You see here a rat corpse.
Sigmund the Dreaded comes into view.
He is wielding a +0 scythe.
Sigmund is nearby!
Sigmund is nearby!
It was a potion of mutation.
You feel extremely strange.
You feel robust.
You feel agile.
You feel your magical essence link to the dungeon's wands.
Sigmund misses you.
Casting: Beastly Appendage (safe; 11% risk of failure)
Confirm with . or Enter, or press ? or * to list all spells.
You grow a pair of large bovine horns.
Your transformation is almost over.
Sigmund gestures at you while chanting.
You are confused.
You're too confused to aim your attacks!
You're too confused to aim your attacks!
You're too confused to move!
Sigmund misses you.
A worm comes into view.
Sigmund barely misses you.
You bump into the rock wall.
Sigmund hits you from afar with a +0 scythe!
You feel less confused. Sigmund casts a spell at you.
The puff of flame hits you!
* * * LOW HITPOINT WARNING * * *
Sigmund barely misses you.
You hit Sigmund.
Sigmund is lightly wounded.
Sigmund completely misses you.
You hit Sigmund but do no damage.
Sigmund is lightly wounded.
Your horns disappear.
Sigmund hits you with a +0 scythe.
* * * LOW HITPOINT WARNING * * *
You hit Sigmund.
Sigmund is moderately wounded.
You hit Sigmund but do no damage.
Sigmund is moderately wounded.
Sigmund barely misses you. The worm bites you!
You die...

... # ..# #. ..#
##.#####..# .
..#.........# .
#.......#...#.# #
#.....#.#.. #
#.@.......# ..#
#..##@w.....## ...
#.w..)...$### ## ...
.#.#####.#.# .# #.#
.#.#####.#.# .#
#.###.#.........#
.####.....######†..##
.##......# ##.....##
.##...#..# ##.......#


You could see Sigmund and a worm.

Vanquished Creatures
  An adder (D:2)
  A worm (D:2)
  2 dart slugs
  5 ball pythons (D:1)
  5 endoplasms
  2 giant cockroaches (D:1)
  5 goblins
  7 hobgoblins
  7 jackals (D:1)
  5 kobolds
  3 bats
  3 frilled lizards
  3 rats
49 creatures vanquished.

Notes
Turn   | Place    | Note
-------+----------+-------------------------------------------
     0 | D:1      | polve the Naga Transmuter began the quest for the Orb.
     0 | D:1      | Reached XP level 1. HP: 18/18 MP: 3/3
   210 | D:1      | Reached skill level 1 in Stealth
   210 | D:1      | Reached XP level 2. HP: 23/25 MP: 5/5
   984 | D:1      | Reached XP level 3. HP: 13/31 MP: 4/6
  2006 | D:2      | Reached skill level 4 in Unarmed Combat
  2006 | D:2      | Reached XP level 4. HP: 32/39 MP: 5/7
  2511 | D:2      | Noticed Sigmund
  2512 | D:2      | Gained mutation: You are robust. (+10% HP) [potion of
                  | mutation]
  2512 | D:2      | Gained mutation: You are agile. (Dex +2) [potion of
                  | mutation]
  2512 | D:2      | Gained mutation: You expend magic power (3 MP) to
                  | strengthen your wands. [potion of mutation]
  2522 | D:2      | Slain by a worm

Illustrated notes

Levels and vault maps discovered:
D:1:      wander_arrival_lonely_grave, layout_loops_ring, minmay_misc_feat_rows
D:2:      layout_loops_corners, uniq_sigmund

Skill      XL: |  1  2  3  4 |
---------------+-------------+-----
Stealth        | 1 2 |  2.6
Unarmed Combat | 4 |  4.1
Fighting       | 2 |  2.0
Dodging        | |  1.5
Spellcasting   | |  2.0
Transmutations | |  2.0

Action                   |  1- 3 |  4- 6 || total
-------------------------+-------+-------++-------
Melee: Unarmed           |   128 |    34 ||   162
       Punch             |     2 |       ||     2
       Headbutt          |     9 |     1 ||    10
 Cast: Beastly Appendage |    16 |     6 ||    22
  Use: Potion            |       |     1 ||     1
 Stab: Sleeping          |     2 |     4 ||     6
Armor: Robe              |    21 |     8 ||    29
Dodge: Dodged            |    51 |    25 ||    76

Table legend: (Time is in decaauts)
 A = Elapsed time spent in this place.
 B = Non-inter-level travel time spent in this place.
 C = Inter-level travel time spent in this place.
 D = Time resting spent in this place.
 E = Time spent auto-exploring this place.
 F = Levels seen in this place.
 G = Mean time per level.
                   A        B        C        D        E       F      G
               +--------+--------+--------+--------+--------+-----+--------+
         Total |   2899 |   2889 |     10 |      0 |   2482 |   2 | 1449.5 |
       Dungeon |   2899 |   2889 |     10 |      0 |   2482 |   2 | 1449.5 |
               +--------+--------+--------+--------+--------+-----+--------+

Top non-repeatable levels by time:
     D:1: 1767 daAuts
     D:2: 1131 daAuts
